 Dungeon Crawl Stone Soup version 0.23.2-40-g277498a001 (webtiles) character file.

Game seed: 7987455941789844910

31 KnightHorse the Caller (level 3, -1/19 HPs)
             Began as a Deep Elf Summoner on Sept 30, 2019.
             Slain by a ball python (2 damage)
             ... on level 2 of the Dungeon.
             The game lasted 00:20:04 (1197 turns).

KnightHorse the Caller (Deep Elf Summoner)          Turns: 1197, Time: 00:20:04

Health: -1/19      AC:  2    Str:  6    XL:     3   Next: 7%
Magic:  9/10       EV: 10    Int: 19    God:
Gold:   120        SH:  0    Dex: 15    Spells: 6/9 levels left

rFire    . . .     SeeInvis .   j - +0 dagger
rCold    . . .     Gourm    .   (no shield)
rNeg     . . .     Faith    .   a - +0 robe
rPois    .         Spirit   .   (no helmet)
rElec    .         Reflect  .   (no cloak)
rCorr    .         Harm     .   (no gloves)
MR       .....                  (no boots)
Stlth    ++........             (no amulet)
HPRegen  0.06/turn              (no ring)
MPRegen  0.12/turn              (no ring)

@: constricted
A: no striking features
a: no special abilities


You were on level 2 of the Dungeon.
You were not hungry.

You visited 1 branch of the dungeon, and saw 2 of its levels.

You collected 120 gold pieces.

Inventory:

Hand Weapons
 j - a +0 dagger (weapon)
Missiles
 b - 37 stones (quivered)
 d - 56 sling bullets
 h - 17 arrows
Armour
 a - a +0 robe (worn)
Jewellery
 l - a cursed ring of teleportation {unknown}
Scrolls
 k - a scroll of identify {unknown}
Potions
 e - a potion of might {unknown}
 g - a potion of agility {unknown}
 i - a potion of heal wounds {unknown}
Comestibles
 c - 2 rations


   Skills:
 + Level 0.1 Short Blades
 + Level 2.8 Dodging
 + Level 2.9 Stealth
 * Level 3.9 Spellcasting
 * Level 4.6 Summonings


You had 6 spell levels left.
You knew the following spells:

 Your Spells              Type           Power        Failure   Level  Hunger
a - Summon Small Mammal   Summ           ###.         1%          1    None
b - Call Imp              Summ           ###.....     3%          2    ##.....

Your spell library contained the following spells:

 Spells                   Type           Power        Failure   Level  Hunger
 Call Canine Familiar     Summ           ###.....     6%          3    ###....
 Summon Guardian Golem    Hex/Summ       ##......     16%         3    ###....
 Summon Ice Beast         Ice/Summ       ##......     47%         4    ####...
 Summon Lightning Spire   Summ/Air       ##......     47%         4    ####...


Dungeon Overview and Level Annotations

Branches:
Dungeon (2/15)

Altars:
Nemelex Xobeh


Message History

Okay, then.
Okay, then.
As you read the scroll labeled FOF ZIEGIZAX, it crumbles to dust.
The creatures around you are filled with an inner flame!
It was a scroll of immolation.
What are your orders? t - Shout!
Orders for allies: a - Attack new target. r - Retreat! s - Stop attacking. g - Guard the area. f - Follow me.
Anything else - Cancel.
Gang up on whom?
Press: ? - help, Dir - move target cursor, f - ball python
Aim: a ball python (inner flame) Attack!
The ball python bites you.
* * * LOW HITPOINT WARNING * * *
The ball python grabs you. The ball python constricts you.
A rat comes into view.
The ball python bites you.
You die...

................# ....
....#####...........r#
.#### #.###..#.# ...
.#######.. #..#.##.#
.........####.......#
.........$.##.?.....####
........##..............
......5.#...........#
....<...#.......@...#.#
................S.....#
........#†######..#...##
........#..# #..##....
........##.#####...#..#.
...>....##...#..........
#...########..#....##.#.
##..# ##..#5....... #...
##..........


You could see a ball python (inner flame), a rat (wandering) and a friendly
crimson imp.

Vanquished Creatures
  An adder (D:2)
  A bat (D:1)
2 creatures vanquished.

Vanquished Creatures (collateral kills)
  2 dart slugs (D:1)
  A leopard gecko (D:2)
  5 bats
  3 hobgoblins (D:1)
  4 jackals (D:1)
  A quokka (D:2)
  A ball python (D:2)
  A frilled lizard (D:1)
  7 kobolds
  5 rats (D:1)
30 creatures vanquished.

Grand Total: 32 creatures vanquished

Notes
Turn   | Place    | Note
-------+----------+-------------------------------------------
     0 | D:1      | KnightHorse the Deep Elf Summoner began the quest for the
                  | Orb.
     0 | D:1      | Reached XP level 1. HP: 10/10 MP: 6/6
   190 | D:1      | Reached XP level 2. HP: 15/15 MP: 4/8
   214 | D:1      | Found a sparkling altar of Nemelex Xobeh.
   295 | D:1      | Learned a level 2 spell: Call Imp
  1174 | D:2      | Reached XP level 3. HP: 9/19 MP: 6/10
  1197 | D:2      | Slain by a ball python

Action                   || total
-------------------------++-------
Melee: Dagger            ||     8
       Unarmed           ||     4
 Cast: Summon Small Mamm ||    20
       Call Imp          ||    18
  Use: Scroll            ||     1
  Eat: Ration            ||     1
Armor: Robe              ||    15
Dodge: Dodged            ||    37
